 Dungeon Crawl Stone Soup version 0.31-a0-150-g89dc3ad700 (webtiles) character file.

Game seed: 12767951260555253404

115 Ijustatesigmund the Stinger (level 5, -5/34 HPs)
             Began as an Octopode Venom Mage on June 8, 2023.
             Slain by ciphuk's ghost (12 damage)
             ... on level 3 of the Dungeon.
             The game lasted 00:04:07 (2554 turns).

Ijustatesigmund the Stinger (Octopode Venom Mage)   Turns: 2554, Time: 00:04:07

Health: -5/34      AC:  1    Str: 13    XL:     5   Next: 0%
Magic:  5/9        EV: 13    Int: 19    God:
Gold:   246        SH:  0    Dex: 13    Spells: 3/9 levels left

rFire   . . .        b - +2 spear (venom)
rCold   . . .        (no shield)
rNeg    . . .        (helmet restricted)
rPois   .            (no amulet)
rElec   .            n - +6 ring of strength
rCorr   .            (no ring)
SInv    .            (no ring)
Will    .....        (no ring)
Stlth   +++          (no ring)
HPRegen 0.25/turn    (no ring)
MPRegen 0.11/turn    (no ring)
                     (no ring)

%: no passive effects
@: about to teleport
A: almost no armour, amphibious, 8 rings, camouflage 1, gelatinous body 1,
(nimble swimmer 1), tentacles
a: no special abilities


You were on level 3 of the Dungeon.
You visited 1 branch of the dungeon, and saw 3 of its levels.

You collected 246 gold pieces.

Inventory:

Hand Weapons
 b - a +2 spear of venom (weapon)
Magical Staves
 j - a staff of air
Jewellery
 n - a +6 ring of strength (left tentacle)
Scrolls
 d - a scroll of enchant armour {unknown}
 e - a scroll of identify
 f - a scroll of poison {unknown}
 i - a scroll of magic mapping {unknown}
 k - a scroll of noise {unknown}
 m - a scroll of amnesia {unknown}
Potions
 a - a potion of magic
 c - 2 potions of brilliance
 g - 2 potions of heal wounds
 l - 2 potions of curing
 o - a potion of attraction {unknown}


   Skills:
 + Level 1.9 Fighting
 - Level 2.0 Dodging
 - Level 2.6 Stealth
 + Level 2.9 Spellcasting
 - Level 1.4 Transmutations
 + Level 1.4 Air Magic
 + Level 4.5 Poison Magic


You had 3 spell levels left.
You knew the following spells:

 Your Spells              Type           Power      Damage    Failure   Level
a - Sting                 Tmut/Pois      56%        1d5       4%          1
b - Poisonous Vapours     Pois/Air       28%        N/A       7%          2
c - Mephitic Cloud        Conj/Pois/Air  10%        N/A       21%         3

Your spell library contained the following spells:

 Spells                   Type           Power      Damage    Failure   Level
 Olgreb's Toxic Radiance  Pois           20%        N/A       24%         4


Dungeon Overview and Level Annotations

Branches:
Dungeon (3/15)

Altars:
Yredelemnul

Annotations:
D:3 ciphuk's ghost, amateur TrMo


Innate Abilities, Weirdness & Mutations

You cannot wear most types of armour.
You are amphibious.
You can wear up to eight rings at the same time.
Your skin changes colour to match your surroundings (Stealth+).
Your rubbery body absorbs attacks. (AC +1, EV +1)
((You are camouflaged when in or above water. (Stealth+)))
You have tentacles for arms and can constrict up to eight enemies at once.


Message History

The sting hits the river rat.
The river rat is poisoned.
The river rat is moderately wounded.
The river rat barely misses you.
Casting: Sting (safe; 4% risk of failure)
Confirm with . or Enter, or press ? or * to list all spells.
Aiming: Sting (safe; 4% risk of failure)
Press: ? - help, Shift-Dir - straight line, f/p - river rat
Aim: a river rat (moderately wounded, poisoned, 68% to hit)
The sting hits the river rat.
The river rat looks even sicker.
The river rat is moderately wounded.
Ciphuk's ghost ripples.
The river rat barely misses you.
Casting: Sting (safe; 4% risk of failure)
Confirm with . or Enter, or press ? or * to list all spells.
Aiming: Sting (safe; 4% risk of failure)
Press: ? - help, Shift-Dir - straight line, f/p - river rat
Aim: a river rat (heavily wounded, very poisoned, 68% to hit)
The sting hits the river rat.
The river rat looks even sicker.
The river rat is severely wounded.
The river rat completely misses you.
You hit the river rat.
You kill the river rat!
You have reached level 5!
You feel agile.
You hit ciphuk's ghost but do no damage.
Ciphuk's ghost barely misses you.
You hit ciphuk's ghost. You squeeze ciphuk's ghost.
Ciphuk's ghost is lightly damaged.
Ciphuk's ghost hits you!
The quokka twitches its whiskers.
You closely miss ciphuk's ghost. Your squeeze misses ciphuk's ghost.
Ciphuk's ghost is lightly damaged.
Ciphuk's ghost closely misses you. Ciphuk's ghost hits you!
* * * LOW HITPOINT WARNING * * *
As you read the scroll of teleportation, it crumbles to dust.
You feel strangely unstable. Ciphuk's ghost hits you.
* * * LOW HITPOINT WARNING * * *
Ciphuk's ghost attacks as you move away!
Ciphuk's ghost hits you!
You die...

.....#.## ##.#
.._..#.# #.#
.....#.# #.#
.....#.# #.#
######.# #.#
.......# #.#
....#### #####
#.# ...##
##...###.#
####
#...rrW@.#
##'#####.# #
#~~~# #.# ##
#~~W# #.#
.#########~~~#
#.#
.........#~r~#
..#
.#########~)~#
... ##
#....<#~~~#
.## .# #.#####


You could see ciphuk's ghost, a quokka and a rat.

Vanquished Creatures
  A river rat (D:3)
  4 adders
  A worm (D:2)
  A dart slug (D:1)
  An orc (D:3)
  5 ball pythons
  6 endoplasms
  3 giant cockroaches
  A goblin (D:1)
  3 hobgoblins
  6 jackals (D:2)
  6 quokkas
  5 bats
  4 frilled lizards (D:1)
  7 kobolds
  5 rats
59 creatures vanquished.

Notes
Turn   | Place    | Note
-------+----------+-------------------------------------------
     0 | D:1      | Ijustatesigmund the Octopode Venom Mage began the quest for
                  | the Orb.
     0 | D:1      | Reached XP level 1. HP: 11/11 MP: 3/3
    97 | D:1      | Reached XP level 2. HP: 18/18 MP: 1/5
   345 | D:1      | Learned a level 2 spell: Poisonous Vapours
   467 | D:1      | Reached skill level 1 in Fighting
   493 | D:1      | Reached skill level 4 in Poison Magic
   579 | D:1      | Reached XP level 3. HP: 23/23 MP: 3/6
  1195 | D:2      | Found a faded altar of an unknown god.
  1710 | D:2      | Reached XP level 4. HP: 28/28 MP: 4/7
  1796 | D:2      | Learned a level 3 spell: Mephitic Cloud
  1839 | D:2      | Reached skill level 1 in Air Magic
  2153 | D:3      | Found a basalt altar of Yredelemnul.
  2526 | D:3      | Found a runed translucent door.
  2531 | D:3      | Noticed ciphuk's ghost (amateur TrMo)
  2550 | D:3      | Reached XP level 5. HP: 33/34 MP: 5/9
  2554 | D:3      | Slain by ciphuk's ghost

Illustrated notes

Levels and vault maps discovered:
D:1:      erik_arrival_cave_to_civilisation [erik_arrival_cave_to_hall],
          layout_loops_ring, corexii_hall_statues_x
D:2:      layout_basic, ebering_ecumenical_altar_webs
D:3:      layout_loops_ring, amcnicky_altar_gilded, ebering_ghost_sewer_f,
          minmay_misc_feat_room, minivault_19, kennysheep_generic_room_15

Skill      XL: |  1  2  3  4 |
---------------+-------------+-----
Fighting       | 1 |  1.9
Poison Magic   | 4 |  4.5
Air Magic      | 1 |  1.4
Dodging        | |  2.0
Stealth        | |  2.6
Spellcasting   | |  2.9
Transmutations | |  1.4

Action                     |  1- 3 |  4- 6 || total
---------------------------+-------+-------++-------
  Melee: Spear             |    74 |    31 ||   105
         Tentacles         |    13 |     4 ||    17
         Constrict         |    17 |     6 ||    23
         Punch             |     1 |       ||     1
   Cast: Sting             |     5 |     3 ||     8
         Poisonous Vapours |    12 |     6 ||    18
    Use: Scroll            |       |     5 ||     5
   Stab: Sleeping          |    14 |     5 ||    19
 Armour: Skin              |     3 |     6 ||     9
  Dodge: Dodged            |    28 |    16 ||    44

Table legend: (Time is in decaauts)
 A = Elapsed time spent in this place.
 B = Non-inter-level travel time spent in this place.
 C = Inter-level travel time spent in this place.
 D = Time resting spent in this place.
 E = Time spent auto-exploring this place.
 F = Levels seen in this place.
 G = Mean time per level.
                   A        B        C        D        E       F      G
               +--------+--------+--------+--------+--------+-----+--------+
         Total |   2563 |   2491 |     72 |    293 |   1850 |   3 |  854.3 |
       Dungeon |   2563 |   2491 |     72 |    293 |   1850 |   3 |  854.3 |
               +--------+--------+--------+--------+--------+-----+--------+

Top non-repeatable levels by time:
     D:1: 1183 daAuts
     D:2: 928 daAuts
     D:3: 450 daAuts
